 Dungeon Sprint DCSS version 0.20-a0-1020-g7b9e4fe (webtiles) character file.

7400000 Krakonus1 the Ninja (level 27, -87/174 HPs)
             Began as a Spriggan Warper on Apr 18, 2017.
             Was the Champion of Makhleb.
             Annihilated by a destroyer
             ... wielding a +9 great sword of slicing
              (126 damage)
             ... in the Dungeon (Sprint VIII: "Arena of Blood").
             The game lasted 00:04:44 (74 turns).

Krakonus1 the Ninja (Spriggan Warper)                 Turns: 74, Time: 00:04:45

Health: -87/174    AC:  4    Str:  7    XL:     27
Magic:  28/55      EV: 44    Int: 18    God:    Makhleb [******]
Gold:   0          SH:  0    Dex: 25    Spells: 80/80 levels left

rFire    . . .     SeeInvis +   k - +∞ Axe of Woe
rCold    . . .     Gourm    .   (shield currently unavailable)
rNeg     . . .     Faith    .   a - +0 robe
rPois    .         Spirit   .   (helmet restricted)
rElec    .         Reflect  .   (no cloak)
rCorr    .         Harm     .   (gloves unavailable)
MR       ++++.     NoTele   +   (boots unavailable)
Stlth    +++++++++.             (no amulet)
Regen    0.4/turn               (no ring)
MPRegen  0.4/turn               (no ring)

@: very quick
A: unfitting armour, see invisible, herbivore 3, speed 3, slow metabolism 2
a: Minor Destruction, Lesser Servant of Makhleb, Major Destruction, Greater
Servant of Makhleb, Renounce Religion


You were in the Dungeon.
You worshipped Makhleb.
Makhleb was exalted by your worship.
You were not hungry.

You visited 1 branch

Inventory:

Hand Weapons
 k - the +∞ Axe of Woe (weapon)
   (You found it in the Dungeon)
Missiles
 d - 5 tomahawks of dispersal (quivered)
Armour
 a - a +0 robe (worn)
Scrolls
 c - 2 scrolls of blinking
Potions
 e - a potion of curing
 g - a potion of heal wounds
 i - 2 potions of magic
 j - a potion of berserk rage
Books
 b - a book of Spatial Translocations

   Spells                             Type                      Level
   a - Blink                          Translocation                2
   b - Shroud of Golubria             Charms/Translocation         2
   c - Lesser Beckoning               Translocation                3
   d - Gell's Gravitas                Translocation                3
   e - Teleport Other                 Translocation                3
   f - Passage of Golubria            Translocation                4
Comestibles
 f - a bread ration


   Skills:
 O Level 27 Fighting
 O Level 27 Axes
 O Level 27 Throwing
 O Level 27 Armour
 O Level 27 Dodging
 O Level 27 Stealth
 O Level 27 Unarmed Combat
 O Level 27 Spellcasting
   Level 4.4 Translocations
 O Level 27 Invocations


You had 80 spell levels left.
You didn't know any spells.

Dungeon Overview and Level Annotations

Branches:
Dungeon (1/1)

Altars:
Makhleb


Innate Abilities, Weirdness & Mutations

You are very small and have problems with some larger weapons.
You are too small for most types of armour.
You have supernaturally acute eyesight. (SInv)
You are a herbivore.
You cover ground extremely quickly.
You need consume almost no food.


Message History

You slash the meat beast!
You pulverise the meat beast into a thin bloody mist.
You kill the meat beast!
Makhleb accepts your kill.
You feel yourself slow down.
You hear a shout! x2
The accursed casts a spell at you. Something smites you!
Unknown command.
A dread comes into view.
You hear a shout! x6
The destroyer hits you with a +9 great sword of slicing!!!!
Ouch! That really hurt!
* * * LOW HITPOINT WARNING * * *
The destroyer bites you!
* * * LOW HITPOINT WARNING * * *
The destroyer draws strength from your injuries!
The destroyer hits you with a +9 great sword of slicing!!!!
Ouch! That really hurt!
You die...

#################
####...))))=.......#
#........)))).W......
.......)##)##.#####..
......)§).).)..Vo....
.####...)o##)##......
#......)...V.........
.#.o...§.)@.#.#......
#....O§.V).........#
§.#o..........)......
.o.#o........L.......
..o.2................
O§...................
.....M#.....).#.....
.....#.......#.....
.###....)..###...


You could see an accursed, a meat beast, a tyrant, 2 destroyers, a dread, a meat
berserker (berserk) and 4 bags of meat.

Vanquished Creatures
  3 hell beasts (D)
  Harold (D)
  5 vampire knights (D)
  8 ogres (D)
  A two-headed ogre (D)
  2 liches (D)
  27 orcs (D)
47 creatures vanquished.

Notes
Turn   | Place    | Note
-------+----------+-------------------------------------------
     0 | D        | Krakonus1 the Spriggan Warper began the quest for the Orb.
     0 | D        | Reached XP level 1. HP: 10/10 MP: 5/5
     4 | D        | Became a worshipper of Makhleb the Destroyer
     5 | D        | Noticed a meat berserker
     6 | D        | Killed a meat berserker
     6 | D        | Reached skill level 27 in Stealth
     6 | D        | Reached XP level 2. HP: 14/14 MP: 6/6
     6 | D        | Reached XP level 3. HP: 18/18 MP: 8/8
     6 | D        | Reached XP level 4. HP: 22/22 MP: 9/9
     6 | D        | Reached XP level 5. HP: 25/25 MP: 10/10
     6 | D        | Reached XP level 6. HP: 30/30 MP: 11/11
     6 | D        | Reached XP level 7. HP: 33/33 MP: 12/12
     6 | D        | Reached XP level 8. HP: 37/37 MP: 13/13
     6 | D        | Reached XP level 9. HP: 41/41 MP: 14/14
     6 | D        | Reached XP level 10. HP: 46/46 MP: 15/15
     6 | D        | Reached XP level 11. HP: 49/49 MP: 16/16
     6 | D        | Reached XP level 12. HP: 53/53 MP: 17/17
     6 | D        | Reached XP level 13. HP: 57/57 MP: 18/18
     7 | D        | Noticed a bag of meat
     8 | D        | Noticed a bag of meat
     8 | D        | Noticed a bag of meat
     8 | D        | Noticed a meat berserker
     9 | D        | Killed a meat berserker
     9 | D        | Reached * piety under Makhleb
     9 | D        | Reached XP level 14. HP: 61/61 MP: 19/19
    11 | D        | Noticed a bag of meat
    12 | D        | Killed a bag of meat
    12 | D        | Reached skill level 27 in Axes
    12 | D        | Reached skill level 15 in Dodging
    13 | D        | Noticed a bag of meat
    13 | D        | Noticed a meat berserker
    14 | D        | Noticed a bag of meat
    14 | D        | Noticed a bag of meat
    14 | D        | Noticed a bag of meat
    14 | D        | Noticed a bag of meat
    14 | D        | Noticed a bag of meat
    15 | D        | Noticed a bag of meat
    15 | D        | Noticed a bag of meat
    16 | D        | Noticed a bag of meat
    16 | D        | Noticed a bag of meat
    16 | D        | Noticed a bag of meat
    16 | D        | Noticed a bag of meat
    17 | D        | Noticed a bag of meat
    18 | D        | Killed a bag of meat
    18 | D        | Reached XP level 15. HP: 65/65 MP: 20/20
    21 | D        | Noticed a large bag of meat
    24 | D        | Reached ** piety under Makhleb
    24 | D        | Reached skill level 27 in Dodging
    25 | D        | Killed a large bag of meat
    25 | D        | Reached XP level 16. HP: 65/105 MP: 21/21
    26 | D        | Reached *** piety under Makhleb
    26 | D        | Reached XP level 17. HP: 116/116 MP: 22/22
    27 | D        | Noticed a meat berserker
    27 | D        | Killed a meat berserker
    27 | D        | Reached skill level 27 in Fighting
    27 | D        | Reached skill level 5 in Throwing
    27 | D        | Reached skill level 10 in Unarmed Combat
    28 | D        | Reached **** piety under Makhleb
    28 | D        | Reached XP level 18. HP: 127/127 MP: 22/43
    29 | D        | Reached skill level 15 in Unarmed Combat
    32 | D        | Reached ***** piety under Makhleb
    32 | D        | Reached skill level 10 in Throwing
    32 | D        | Reached skill level 27 in Spellcasting
    32 | D        | Reached XP level 19. HP: 132/132 MP: 22/51
    32 | D        | Noticed The Servant
    38 | D        | Killed a meat berserker
    38 | D        | Reached skill level 15 in Throwing
    38 | D        | Reached skill level 27 in Unarmed Combat
    39 | D        | Reached XP level 20. HP: 137/137 MP: 23/52
    41 | D        | Noticed a destroyer
    41 | D        | Noticed a destroyer
    42 | D        | Killed The Servant
    42 | D        | Reached skill level 27 in Throwing
    42 | D        | Reached ****** piety under Makhleb
    42 | D        | Reached skill level 10 in Invocations
    42 | D        | Reached XP level 21. HP: 142/142 MP: 24/53
    45 | D        | Noticed a destroyer
    45 | D        | Reached skill level 15 in Armour
    48 | D        | Noticed a destroyer
    49 | D        | Noticed a tyrant
    53 | D        | Killed a destroyer
    53 | D        | Reached skill level 27 in Invocations
    53 | D        | Reached XP level 22. HP: 121/148 MP: 25/54
    56 | D        | Killed a destroyer
    58 | D        | Noticed a tyrant
    58 | D        | Reached skill level 27 in Armour
    60 | D        | Killed a tyrant
    60 | D        | Reached XP level 23. HP: 153/153 MP: 26/55
    61 | D        | Noticed a meat beast
    62 | D        | Noticed a destroyer
    63 | D        | Noticed a destroyer
    64 | D        | Noticed a meat beast
    64 | D        | Killed a destroyer
    64 | D        | Killed a destroyer
    64 | D        | Reached XP level 24. HP: 158/158 MP: 27/55
    65 | D        | Noticed a destroyer
    66 | D        | Noticed a tyrant
    67 | D        | Noticed an accursed
    67 | D        | Noticed a meat beast
    68 | D        | Killed a meat beast
    68 | D        | Reached XP level 25. HP: 163/163 MP: 27/55
    69 | D        | Killed a meat beast
    69 | D        | Reached XP level 26. HP: 169/169 MP: 28/55
    71 | D        | Killed a tyrant
    71 | D        | Killed a destroyer
    71 | D        | Reached XP level 27. HP: 174/174 MP: 28/55
    73 | D        | Noticed a meat beast
    73 | D        | Killed a meat beast
    74 | D        | Noticed a dread
    74 | D        | Annihilated by a destroyer

Vault maps used:
D:        meatsprint

Skill      XL: |  1  2  3  4  5  6  7  8  9 10 11 12 13 14 15 16 17 18 19 20 21 22 |
---------------+-------------------------------------------------------------------+-----
Stealth        | 27 | 27.0
Axes           | 21 26 27 | 27.0
Dodging        | 23 27 | 27.0
Fighting       | 20 24 27 | 27.0
Throwing       | 6 12 21 27 | 27.0
Unarmed Combat | 12 21 27 | 27.0
Spellcasting   | 20 27 | 27.0
Armour         | 8 22 27 | 27.0
Invocations    | 10 27 | 27.0
Translocations | |  4.4

Action                   |  1- 3 |  4- 6 |  7- 9 | 10-12 | 13-15 | 16-18 | 19-21 | 22-24 | 25-27 || total
-------------------------+-------+-------+-------+-------+-------+-------+-------+-------+-------++-------
Melee: Broad axe         |     1 |       |       |       |     5 |     5 |    11 |     8 |     4 ||    34
  Use: Potion            |     1 |       |       |       |       |       |       |       |       ||     1
Dodge: Dodged            |       |       |       |       |       |     1 |       |       |       ||     1
